AoeStats
← Brazy_Boy4

MegaRandom

510441163Analyzed
3v3 RM · 1d ago on Oct 1, 2026· 46m 4s· 6 players
Game mode
Random Map
Map size
Normal (6 player)
Population
200
Speed
Normal
Resources
Standard
Victory
Conquest
Starting age
Dark Age
Ending age
Imperial Age
RankedLock teamsTeams togetherTeam positionsShared explorationLock speedFull tech treeHidden civsTurbo modeCheats
Victory
Defeat
🇺🇸 Mongols · United States
1110
+15
🇺🇸 Danes · United States
1105
+15
🇺🇸 Persians · United States
1047
+19
🇺🇸 Persians · United States
1099
-17
🇺🇸 Hindustanis · United States
1092
-16
🇨🇱 Spanish · Chile
1081
-16
Stevarino21
8:22 Loom
10:10 Feudal Age
10:58 Double-Bit Axe
10:56 Horse Collar
13:10 Wheelbarrow
14:08 Horse Collar
19:21 Castle Age
17:51 Gold Mining
18:40 Forging
19:03 Scale Barding Armor
20:51 Chain Barding Armor
22:20 Fletching
23:44 Iron Casting
23:29 Bloodlines
23:56 Bodkin Arrow
24:20 Padded Archer Armor
24:56 Bodkin Arrow
29:16 Elite Skirmisher
Sir Jones the Cool
13:08 Feudal Age
15:08 Fishing Lines
17:32 Castle Age
16:03 Double-Bit Axe
16:02 Horse Collar
19:11 Bow Saw
19:29 Gillnets
22:47 Husbandry
24:20 Forging
24:11 Scale Mail Armor
25:12 Wheelbarrow
24:28 Loom
25:33 Bloodlines
26:26 Scale Barding Armor
28:24 Chain Barding Armor
28:40 Iron Casting
35:05 Clinker Construction
35:36 Hand Cart
37:59 Imperial Age
38:17 Heavy Camel Rider
39:37 Plate Barding Armor
46:35 Blast Furnace
YONG
9:39 Loom
12:10 Feudal Age
12:45 Double-Bit Axe
15:45 Bloodlines
16:25 Forging
16:20 Scale Barding Armor
18:25 Scale Mail Armor
19:21 Wheelbarrow
21:41 Fishing Lines
25:10 Castle Age
25:56 Gold Mining
29:03 Fletching
29:14 Padded Archer Armor
30:14 Bow Saw
30:12 Bodkin Arrow
32:54 Leather Archer Armor
34:51 Hand Cart
34:31 Stone Mining
41:37 Imperial Age
41:16 Horse Collar
42:46 Stone Shaft Mining
43:24 Two-Man Saw
45:32 Chemistry
Tiger333
0:32 Loom
11:51 Feudal Age
17:12 Castle Age
15:34 Double-Bit Axe
15:32 Horse Collar
20:31 Heavy Plow
20:44 Bow Saw
24:34 Scale Mail Armor
29:15 Wheelbarrow
31:05 Hand Cart
ask
12:03 Feudal Age
13:41 Stone Mining
16:15 Castle Age
14:19 Stone Mining
17:30 Loom
18:02 Bloodlines
17:53 Husbandry
17:59 Husbandry
18:09 Bloodlines
19:24 Fletching
21:19 Bodkin Arrow
21:26 Padded Archer Armor
27:22 Leather Archer Armor
35:57 Imperial Age
34:21 Horse Collar
34:33 Double-Bit Axe
36:23 Crossbowman
37:10 Thumb Ring
37:26 Ballistics
38:14 Chemistry
38:06 Conscription
38:30 Parthian Tactics
39:20 Bracer
Brazy_Boy4
0:28 Loom
11:10 Feudal Age
11:46 Double-Bit Axe
18:46 Castle Age
16:33 Horse Collar
16:37 Fishing Lines
20:03 Squires
19:48 Gambesons
20:42 Fletching
21:44 Wheelbarrow
21:58 Bodkin Arrow
22:19 Bow Saw
22:03 Gold Mining
24:02 Ballistics
32:46 Imperial Age
33:52 Forging
33:42 Scale Mail Armor
34:58 Chemistry
34:14 Bracer
34:55 Masonry
34:21 Elite Jomsviking
35:45 Hamask
37:03 Iron Casting
40:21 Chain Mail Armor
42:00 Caravan
42:52 Gillnets
45:43 Plate Mail Armor
46:14 Blast Furnace
45:57 Onager
Connection lost

Rejoining the realm…

Still unreachable

The connection could not be restored.

Session expired

The server has moved on; the page needs a fresh start.